 Dungeon Crawl Stone Soup version 0.28-a0-397-g1a7b1a870f (webtiles) character file.

Game seed: 18202793595309346191

65 Gargoyl the Skirmisher (level 4, -7/41 HPs)
             Began as a Gnoll Abyssal Knight on Sept 4, 2021.
             Was a Follower of Lugonu.
             Mangled by an iguana (10 damage)
             ... on level 2 of the Dungeon.
             The game lasted 00:01:54 (1887 turns).

Gargoyl the Skirmisher (Gnoll Abyssal Knight)       Turns: 1887, Time: 00:01:54

Health: -7/41      AC:  6    Str: 12    XL:     4   Next: 13%
Magic:  7/7        EV: 11    Int: 11    God:    Lugonu [*.....]
Gold:   50         SH:  0    Dex: 12    Spells: 5/5 levels left

rFire   . . .      SeeInvis .   a - +1 hand axe
rCold   . . .      Faith    .   (no shield)
rNeg    . . .      Spirit   .   c - +0 ring mail
rPois   .          Reflect  .   (no helmet)
rElec   .          Harm     .   (no cloak)
rCorr   .          Rampage  .   (no gloves)
Will    .....                   (no boots)
Stlth   +.........              (no amulet)
HPRegen 0.13/turn               (no ring)
MPRegen 0.10/turn               (no ring)

@: flying
A: fangs 1, strong nose, distributed training
a: Renounce Religion, Depart the Abyss


You were on level 2 of the Dungeon.
You worshipped Lugonu.
Lugonu was aware of your devotion.
You visited 1 branch of the dungeon, and saw 2 of its levels.
You visited the Abyss 1 time.

You collected 50 gold pieces.

Inventory:

Hand Weapons
 a - a +1 hand axe (weapon)
Armour
 c - a +0 ring mail (worn)


   Skills:
 + Level 6.6 Fighting
 + Level 1.0 Short Blades
 + Level 1.0 Long Blades
 + Level 4.6 Axes
 + Level 1.0 Maces & Flails
 + Level 1.0 Polearms
 + Level 1.0 Staves
 + Level 1.0 Slings
 + Level 1.0 Bows
 + Level 1.0 Crossbows
 + Level 1.0 Throwing
 + Level 4.6 Armour
 + Level 2.7 Dodging
 + Level 1.0 Stealth
 + Level 1.0 Shields
 + Level 1.0 Unarmed Combat
 + Level 1.0 Spellcasting
 + Level 0.8 Conjurations
 + Level 0.8 Hexes
 + Level 0.8 Summonings
 + Level 0.8 Necromancy
 + Level 0.8 Translocations
 + Level 0.8 Transmutations
 + Level 0.8 Fire Magic
 + Level 0.8 Ice Magic
 + Level 0.8 Air Magic
 + Level 0.8 Earth Magic
 + Level 0.8 Poison Magic
 + Level 4.6 Invocations
 + Level 1.0 Evocations


You had 5 spell levels left.
You didn't know any spells.
Your spell library was empty.

Dungeon Overview and Level Annotations

Branches:
Dungeon (2/15)

Altars:


Innate Abilities, Weirdness & Mutations

You have very sharp teeth.
Your uncanny sense of smell can sniff out nearby items.
Your experience applies equally to all skills.


Message History

An iguana is nearby!
The iguana bites you but does no damage.
You closely miss the iguana. The iguana bites you!
You barely miss the iguana. The iguana closely misses you.
You hit the iguana.
The iguana is moderately wounded.
The iguana barely misses you.
You closely miss the iguana.
The iguana is moderately wounded.
The iguana bites you! The iguana misses you.
You hit the iguana but do no damage.
The iguana is moderately wounded.
The iguana bites you but does no damage.
It was a potion of flight.
You feel very buoyant.
You fly up into the air.
The iguana bites you!
* * * LOW HITPOINT WARNING * * *
It was a potion of curing.
You feel better. The iguana bites you!
* * * LOW HITPOINT WARNING * * *
You hit the iguana.
The iguana is heavily wounded.
The iguana bites you.
* * * LOW HITPOINT WARNING * * *
You hit the iguana but do no damage.
The iguana is heavily wounded.
The iguana bites you!
* * * LOW HITPOINT WARNING * * *
You completely miss the iguana.
The iguana is heavily wounded.
The iguana closely misses you.
You hit the iguana but do no damage. You bite the iguana, but do no damage.
The iguana is heavily wounded.
The iguana closely misses you.
You hit the iguana but do no damage.
The iguana is heavily wounded.
The iguana barely misses you.
You completely miss the iguana.
The iguana is heavily wounded.
The iguana bites you!
You die...

## . .## .. ..#
... ###.##..
.....
##########.##
......l@....#
###########.#
.....### #.##
###....###..#####
+......'..?.....+
###....###..#####
##........###
###........#
#........###.


You could see an iguana.

Vanquished Creatures
  An iron imp (Abyss:3)
  A worm (D:2)
  3 endoplasms
  6 giant cockroaches (D:1)
  2 goblins (D:1)
  A hobgoblin (D:1)
  4 jackals (D:2)
  2 quokkas (D:1)
  2 ball pythons (D:2)
  3 bats
  2 frilled lizards
  2 kobolds
  2 rats (D:1)
31 creatures vanquished.

Notes
Turn   | Place    | Note
-------+----------+-------------------------------------------
     0 | Abyss:1  | Gargoyl the Gnoll Abyssal Knight began the quest for the
                  | Orb.
     0 | Abyss:1  | Reached XP level 1. HP: 23/23 MP: 3/3
    46 | Abyss:2  | Noticed a small abomination
    49 | Abyss:2  | Noticed a daeva
   111 | Abyss:3  | Noticed an iron imp
   116 | Abyss:3  | Killed an iron imp
   117 | Abyss:3  | Reached XP level 2. HP: 9/29 MP: 5/5
   117 | Abyss:3  | Reached XP level 3. HP: 10/35 MP: 6/6
   148 | Abyss:3  | Noticed a large abomination
   156 | D:1      | Escaped the Abyss
   642 | D:1      | Reached * piety under Lugonu
  1128 | D:1      | Reached skill level 1 in Short Blades
  1128 | D:1      | Reached skill level 1 in Long Blades
  1128 | D:1      | Reached skill level 1 in Maces & Flails
  1128 | D:1      | Reached skill level 1 in Polearms
  1128 | D:1      | Reached skill level 1 in Staves
  1128 | D:1      | Reached skill level 1 in Slings
  1128 | D:1      | Reached skill level 1 in Bows
  1128 | D:1      | Reached skill level 1 in Crossbows
  1128 | D:1      | Reached skill level 1 in Throwing
  1128 | D:1      | Reached skill level 1 in Stealth
  1128 | D:1      | Reached skill level 1 in Shields
  1128 | D:1      | Reached skill level 1 in Unarmed Combat
  1128 | D:1      | Reached skill level 1 in Spellcasting
  1128 | D:1      | Reached skill level 1 in Evocations
  1327 | D:2      | Reached XP level 4. HP: 34/41 MP: 7/7
  1887 | D:2      | Mangled by an iguana

Illustrated notes

Levels and vault maps discovered:
D:1:      giann_horns, layout_loops_ring, minmay_statues_item
D:2:      layout_basic

Skill      XL: |  1  2  3 |
---------------+----------+-----
Short Blades   | 1 |  1.0
Long Blades    | 1 |  1.0
Maces & Flails | 1 |  1.0
Polearms       | 1 |  1.0
Staves         | 1 |  1.0
Slings         | 1 |  1.0
Bows           | 1 |  1.0
Crossbows      | 1 |  1.0
Throwing       | 1 |  1.0
Stealth        | 1 |  1.0
Shields        | 1 |  1.0
Unarmed Combat | 1 |  1.0
Spellcasting   | 1 |  1.0
Evocations     | 1 |  1.0
Fighting       | |  6.6
Axes           | |  4.6
Armour         | |  4.6
Dodging        | |  2.7
Conjurations   | |  0.8
Hexes          | |  0.8
Summonings     | |  0.8
Necromancy     | |  0.8
Translocations | |  0.8
Transmutations | |  0.8
Fire Magic     | |  0.8
Ice Magic      | |  0.8
Air Magic      | |  0.8
Earth Magic    | |  0.8
Poison Magic   | |  0.8
Invocations    | |  4.6

Action                   |  1- 3 |  4- 6 || total
-------------------------+-------+-------++-------
Melee: Hand axe          |    80 |    26 ||   106
       Bite              |     6 |     5 ||    11
       Punch             |     1 |       ||     1
Throw: Dart              |     3 |       ||     3
Invok: Depart the Abyss  |     1 |       ||     1
  Use: Potion            |       |     2 ||     2
       Scroll            |       |     1 ||     1
 Stab: Sleeping          |     1 |       ||     1
Armor: Leather armour    |    25 |     2 ||    27
       Ring mail         |       |     3 ||     3
Dodge: Dodged            |    60 |    12 ||    72

Table legend: (Time is in decaauts)
 A = Elapsed time spent in this place.
 B = Non-inter-level travel time spent in this place.
 C = Inter-level travel time spent in this place.
 D = Time resting spent in this place.
 E = Time spent auto-exploring this place.
 F = Levels seen in this place.
 G = Mean time per level.
                   A        B        C        D        E       F      G
               +--------+--------+--------+--------+--------+-----+--------+
         Total |   1893 |   1841 |     52 |      2 |   1498 |   5 |  378.6 |
       Dungeon |   1737 |   1685 |     52 |      0 |   1404 |   2 |  868.5 |
         Abyss |    156 |    156 |      0 |      2 |     94 |   3 |   52.0 |
               +--------+--------+--------+--------+--------+-----+--------+

Top non-repeatable levels by time:
     D:1: 1158 daAuts
     D:2: 579 daAuts
 Abyss:3: 87 daAuts
 Abyss:2: 47 daAuts
 Abyss:1: 21 daAuts
